 Dungeon Crawl Stone Soup version 0.25-a0-420-g1cc7eeb0d1 (webtiles) character file.

Game seed: 3201201334761627460, levelgen mode: deterministic

32 Hasart the Ducker (level 3, 0/27 HPs)
             Began as a Vampire Gladiator on Jan 18, 2020.
             Slain by an adder (4 damage)
             ... on level 2 of the Dungeon.
             The game lasted 00:01:15 (921 turns).

Hasart the Ducker (Vampire Gladiator)                Turns: 921, Time: 00:01:15

Health: 0/27       AC:  4    Str: 13    XL:     3   Next: 8%
Magic:  3/3        EV: 13    Int: 11    God:
Gold:   95         SH:  0    Dex: 15    Spells: 2/2 levels left

rFire    . . .     SeeInvis +   a - +0 long sword
rCold    . . .     Gourm    .   (no shield)
rNeg     . . .     Faith    .   b - +0 leather armour
rPois    .         Spirit   .   c - +0 helmet
rElec    .         Reflect  .   (no cloak)
rCorr    .         Harm     .   (no gloves)
MR       .....                  (no boots)
Stlth    ++........             (no amulet)
HPRegen  0.29/turn              (no ring)
MPRegen  0.08/turn              (no ring)

@: lethally poisoned (0 -> -1), regenerating quickly
A: no food, fangs 3, see invisible, unbreathing
a: Exsanguinate


You were on level 2 of the Dungeon.
You were alive.

You visited 1 branch of the dungeon, and saw 2 of its levels.

You collected 95 gold pieces.

Inventory:

Hand Weapons
 a - a +0 long sword (weapon)
Missiles
 d - 3 throwing nets (quivered)
Armour
 b - a +0 leather armour (worn)
 c - a +0 helmet (worn)
Scrolls
 e - a scroll of magic mapping {unknown}
 f - a scroll of fog {unknown}
 g - a scroll of fear {unknown}
 h - a scroll of remove curse {unknown}


   Skills:
 + Level 2.1 Fighting
 * Level 3.5 Long Blades
 - Level 1.5 Throwing
 + Level 3.6 Dodging
 + Level 1.8 Stealth


You had 2 spell levels left.
You didn't know any spells.
Your spell library was empty.

Dungeon Overview and Level Annotations

Branches:
Dungeon (2/15)

Altars:


Innate Abilities, Weirdness & Mutations

You do not eat.
Your natural rate of healing is unusually fast.
You have razor-sharp teeth.
You have supernaturally acute eyesight. (SInv)
You can survive without breathing.


Message History

A goblin comes into view.
The adder barely misses you.
You barely miss the adder.
The adder is severely wounded.
The goblin shouts!
The adder closely misses you.
You closely miss the adder.
The adder is severely wounded.
You feel sick. The adder bites you. The adder bites you but does no damage.
A rat comes into view.
You barely miss the adder.
The adder is severely wounded.
You feel sick. The adder bites you.
* * * LOW HITPOINT WARNING * * *
The adder barely misses you.
Unknown command.
The adder barely misses you.
You see here a kobold corpse.
You feel sick. The adder bites you.
You die...

##.###....# ..##.
#.#.>..#.# .....
#.....#.##.####.....
.....##.().....<.#..
....# #...r.........
#....#
###........... #####
##.†g.......
###S##.... #@# ...
#.# #.# #.. ... ....
...# ##...


You could see an adder, a goblin and a rat.

Vanquished Creatures
  An ooze (D:1)
  A leopard gecko (D:1)
  A giant cockroach (D:1)
  4 goblins
  4 hobgoblins (D:1)
  2 kobolds
  7 bats
  2 frilled lizards
  3 rats (D:1)
25 creatures vanquished.

Notes
Turn   | Place    | Note
-------+----------+-------------------------------------------
     0 | D:1      | Hasart the Vampire Gladiator began the quest for the Orb.
     0 | D:1      | Reached XP level 1. HP: 16/16 MP: 1/1
   118 | D:1      | Reached skill level 1 in Stealth
   120 | D:1      | Reached XP level 2. HP: 17/22 MP: 2/2
   611 | D:1      | Reached XP level 3. HP: 27/27 MP: 3/3
   921 | D:2      | Slain by an adder

Levels and vault maps discovered:
D:1:      ncdulo_lavacross, layout_basic, dk_noncrumbling_4
D:2:      layout_rooms, nicolae_tso_swordbearing_angel,
          chequers_serial_rivers_large_a, solitary_fountain

Skill      XL: |  1  2 |
---------------+-------+-----
Stealth        | 1 |  1.8
Fighting       | 2 |  2.1
Long Blades    | |  3.5
Throwing       | |  1.5
Dodging        | |  3.6

Action                   || total
-------------------------++-------
Melee: Long sword        ||    57
       Bite              ||     3
Armor: Leather armour    ||    19
Dodge: Dodged            ||    54
       Rpst.: Long sword ||    19

Table legend:
 A = Non-vault XP
 B = Vault XP
 C = Vault XP percentage of total XP
 D = Non-vault monster count
 E = Vault monster count
 F = Vault count percentage of total count
                 A         B        C        D         E       F
            +---------+---------+-------+---------+---------+-------
      Total |      46 |       0 |   0.0 |      25 |       0 |   0.0
            +---------+---------+-------+---------+---------+-------
        D:1 |      41 |       0 |   0.0 |      21 |       0 |   0.0
        D:2 |       5 |       0 |   0.0 |       4 |       0 |   0.0
            +---------+---------+-------+---------+---------+-------
